 Dungeon Crawl Stone Soup version 0.30.1-11-g7821555f0a (webtiles) character file.

Game seed: 3790653509559530838

8824 Anriel the Carver (level 11, -10/79 HPs)
             Began as a Human Gladiator on Nov 3, 2023.
             Was a High Priest of Okawaru.
             Mangled by a komodo dragon (26 damage)
             ... on level 11 of the Dungeon.
             The game lasted 00:51:55 (9700 turns).

Anriel the Carver (Human Gladiator)                 Turns: 9700, Time: 00:51:56

Health: -10/79     AC: 19    Str: 19    XL:     11   Next: 63%
Magic:  16/17      EV: 11    Int:  9    God:    Okawaru [*****.]
Gold:   695        SH:  5    Dex: 22    Spells: 10/10 levels left

rFire   . . .        K - +3 scimitar (flame)
rCold   . . .        (no shield)
rNeg    + . .        I - +2 chain mail {rN+}
rPois   .            c - +0 helmet
rElec   +            s - scarf {harm}
rCorr   +            m - +2 pair of gloves
SInv    .            C - +1 pair of boots of the Maze {rElec}
Will    .....        S - amulet of reflection Stlth
                     B - ring of resist corrosion
HPRegen 0.33/turn    z - +6 ring of strength
MPRegen 0.15/turn

%: harm (+30% outgoing, +20% incoming), reflection
@: studying Unarmed Combat
A: agile 1, no potion heal 1
a: Renounce Religion, Heroism, Finesse, Duel


You were on level 11 of the Dungeon.
You worshipped Okawaru.
Okawaru was extremely pleased with you.
You visited 2 branches of the dungeon, and saw 12 of its levels.

You collected 772 gold pieces.
You spent 77 gold pieces at shops.

Inventory:

Hand Weapons
 a - a +1 long sword
 j - the +5 whip of Youthful Indiscretion {venom, rF++ rN+ Str-3 Int+2}
   (You found it on level 6 of the Dungeon)

   Str:       It affects your strength (-3).
   Int:       It affects your intelligence (+2).
   rF:        It greatly protects you from fire.
   rN:        It protects you from negative energy.
 k - a +5 heavy great sword
 K - a +3 scimitar of flaming (weapon)
Missiles
 e - 8 javelins
 f - 5 throwing nets
 O - 9 boomerangs (quivered)
Armour
 c - a +0 helmet (worn)
 m - a +2 pair of gloves (worn)
 p - a +0 pair of boots
 s - a scarf of harm (worn)
 w - a scarf of invisibility
 y - a +0 plate armour
 C - the +1 pair of boots of the Maze (worn) {rElec}
   (You acquired it on level 7 of the Dungeon)

   rElec:     It insulates you from electricity.
 I - a +2 chain mail of positive energy (worn)
Jewellery
 l - a ring of protection from cold
 r - a ring of wizardry
 z - a +6 ring of strength (right hand)
 A - a ring of fire
 B - a ring of resist corrosion (left hand)
 N - an amulet of magic regeneration
 S - an amulet of reflection (around neck)
Wands
 d - a wand of roots (20)
 g - a wand of polymorph (8)
 v - a wand of charming (3)
 F - a wand of flame (3)
 H - a wand of mindburst (6)
 R - a wand of digging (4)
Scrolls
 t - 3 scrolls of teleportation
 u - a scroll of amnesia
 D - 3 scrolls of magic mapping
 J - a scroll of identify
Potions
 b - 2 potions of flight
 h - 2 potions of lignification
 i - 5 potions of haste
 n - 3 potions of might
 o - 3 potions of brilliance
 x - 2 potions of resistance
 E - 4 potions of cancellation
 G - 3 potions of curing
 L - a potion of mutation
 M - a potion of ambrosia
 P - a potion of invisibility
 Q - a potion of berserk rage


   Skills:
 - Level 5.0 Fighting
 * Level 11.6 Long Blades
 - Level 5.0 Throwing
 + Level 6.1 Armour
 - Level 5.0 Dodging
 + Level 8.0 Invocations
 - Level 5.0 Evocations


You had 10 spell levels left.
You didn't know any spells.
Your spell library contained the following spells:

 Spells                   Type           Power      Damage    Failure   Level
 Apportation              Tloc           0%         N/A       96%         1
 Necrotise                Necr           0%         1d4       96%         1
 Ensorcelled Hibernation  Hex/Ice        0%         N/A       99%         2
 Lesser Beckoning         Tloc           0%         N/A       99%         2
 Scorch                   Fire           0%         2d5       99%         2
 Gell's Gravitas          Tloc           0%         N/A       100%        3
 Ignite Poison            Fire/Tmut/Pois 0%         N/A       100%        3
 Spider Form              Tmut/Pois      0%         N/A       100%        3
 Teleport Other           Tloc           0%         N/A       100%        3
 Vampiric Draining        Necr           0%         2d6       100%        3
 Anguish                  Hex/Necr       0%         N/A       100%        4
 Flame Wave               Conj/Fire      0%         2d4       100%        4
 Passage of Golubria      Tloc           0%         N/A       100%        4
 Agony                    Necr           0%         N/A       100%        5
 Yara's Violent Unravell  Hex/Tmut       0%         3d3       100%        5
 Ignition                 Fire           0%         3d3       100%        8
 Summon Small Mammal      Summ           Unusable   N/A       N/A         1
 Tukima's Dance           Hex            Unusable   N/A       N/A         3
 Summon Cactus Giant      Summ           Unusable   N/A       N/A         6

Dungeon Overview and Level Annotations

Branches:
Dungeon (11/15)            Temple (1/1) D:5            Lair (0/5) D:9
    Orc: D:9-12

Altars:
Ashenzari
Cheibriados
Dithmenos
Elyvilon
Fedhas
Gozag
Hepliaklqana
Kikubaaqudgha
Makhleb
Nemelex Xobeh
Okawaru
Qazlal
Ru
Sif Muna
Trog
Uskayaw
Vehumet
Wu Jian
Xom
Yredelemnul
Zin
The Shining One

Shops:
D:2 *   D:3 (

Portals:
Trove: D:10 (give +4 shadow dragon scales)


Innate Abilities, Weirdness & Mutations

You are agile. (Dex +4, Str/Int -1)
Potions are less effective at restoring your health.


Message History

The green ugly thing is almost dead.
You feel very sick. You block the gargoyle's attack.
You completely miss the green ugly thing.
The green ugly thing is almost dead.
You feel very sick.
The green ugly thing headbutts you but does no damage.
The gargoyle hits you with a +0 mace!
* * * LOW HITPOINT WARNING * * *
Unknown command.
Your system partially rejects the healing.
You feel better. The green ugly thing barely misses you.
The gargoyle hits you but does no damage.
Aiming: Quicksilver Bolt
Press: ? - help, Shift-Dir - straight line, f/p - green ugly thing
Aim: a green ugly thing (almost dead, 74% to hit)
The bolt of dispelling energy misses the green ugly thing.
The bolt of dispelling energy misses the komodo dragon.
The green ugly thing barely misses you. The gargoyle closely misses you.
Aiming: Quicksilver Bolt
Press: ? - help, Shift-Dir - straight line, f/p - green ugly thing
Aim: a green ugly thing (almost dead, 74% to hit)
The bolt of dispelling energy misses the green ugly thing.
The bolt of dispelling energy hits the komodo dragon!!
The komodo dragon is heavily wounded.
The now-empty wand crumbles to dust.
The green ugly thing headbutts you but does no damage.
The gargoyle barely misses you.
Aiming: Mindburst
Press: ? - help, Shift-Dir - straight line, f/p - green ugly thing
Aim: a green ugly thing (almost dead, chance to affect: 67%)
The green ugly thing's mind is blasted!!
You blow up the green ugly thing!
Okawaru accepts your kill. The gargoyle hits you with a +0 mace.
* * * LOW HITPOINT WARNING * * *
Your Invocations skill increases to level 8!
You hit the gargoyle but do no damage. Your punch misses the gargoyle.
The komodo dragon bites you!!
You die...

.### .# ..# .#
# #.# .#
#.##.##.# #
......##.##.
####.#........
#.....<...?...
##9##.#?.......
#..@l.#.......#
#..####.l.9...#
#.. #.......#
#.. ...######
... #### .#.#
#.#. # #.


You could see a komodo dragon and a gargoyle.

Vanquished Creatures
  Harold (D:10)
  Pikel (D:9)
  An ugly thing (D:11)
  Joseph (D:10)
  3 kobold demonologists
  A shadow (D:9)
  A vampire (D:10)
  2 wyverns
  Grum (D:10)
  A steam dragon (D:9)
  3 wargs (D:9)
  2 water moccasins
  3 orc warriors
  2 sky beasts
  A black bear (D:8)
  An ice beast (D:7)
  4 wolves (D:10)
  3 ogres
  3 lemures (D:8)
  2 centaurs
  5 kobold brigands
  7 bullfrogs
  A gnoll sergeant (D:7)
  4 scorpions
  21 wights
  10 howler monkeys
  3 jellies
  4 orc priests
  2 hounds
  A gnoll bouda (D:7)
  3 sleepcaps
  Jessica (D:2)
  2 iguanas
  Terence (D:2)
  15 orc wizards
  5 adders
  4 gnolls (D:7)
  A white imp (D:7)
  2 worms (D:4)
  3 dart slugs
  28 orcs
  6 endoplasms
  2 giant cockroaches (D:1)
  7 hobgoblins
  10 jackals
  22 kobolds
  2 quokkas
  5 ball pythons
  4 bats
  5 frilled lizards
  2 goblins (D:1)
  5 rats
230 creatures vanquished.

Notes
Turn   | Place    | Note
-------+----------+-------------------------------------------
     0 | D:1      | Anriel the Human Gladiator began the quest for the Orb.
     0 | D:1      | Reached XP level 1. HP: 16/16 MP: 1/1
   131 | D:1      | Reached skill level 1 in Armour
   131 | D:1      | Reached XP level 2. HP: 22/22 MP: 2/2
   342 | D:1      | Reached XP level 3. HP: 28/28 MP: 3/3
   350 | D:1      | Found a faded altar of an unknown god.
   752 | D:2      | Noticed Terence
   760 | D:2      | Killed Terence
   761 | D:2      | Reached XP level 4. HP: 29/34 MP: 4/4
   887 | D:2      | Noticed Jessica
   897 | D:2      | Killed Jessica
   944 | D:2      | Reached XP level 5. HP: 38/40 MP: 5/5
   978 | D:2      | Found Mecul's General Store.
   999 | D:2      | Bought a +0 pair of boots for 63 gold pieces
  1020 | D:2      | Bought a potion of degeneration for 14 gold pieces
  1585 | D:3      | Found a shimmering blue altar of Sif Muna.
  1902 | D:3      | Found a transporter.
  1903 | D:3      | Found Byhuad's Weapon Emporium.
  1938 | D:3      | Found a transporter.
  2024 | D:3      | Noticed a water moccasin
  2035 | D:3      | Killed a water moccasin
  2036 | D:3      | Reached XP level 6. HP: 47/47 MP: 6/6
  2600 | D:4      | Got the Thoughts on Conflagration
  2674 | D:4      | Found a sacrificial altar of Ru.
  2861 | D:4      | Found a white marble altar of Elyvilon.
  3089 | D:5      | Entered Level 5 of the Dungeon
  3249 | D:5      | Noticed a water moccasin
  3258 | D:5      | Killed a water moccasin
  3259 | D:5      | Reached XP level 7. HP: 29/54 MP: 7/7
  3453 | D:5      | Reached skill level 5 in Armour
  3456 | D:5      | Gained mutation: Armour fits poorly on your strangely
                  | shaped body. [potion of mutation]
  3456 | D:5      | Gained mutation: You have a pair of small antennae on your
                  | head. [potion of mutation]
  3456 | D:5      | Gained mutation: Your system is resistant to poisons.
                  | (rPois) [potion of mutation]
  3491 | D:5      | HP: 4/82 [orc/+0 hand axe (3)]
  3500 | D:5      | Reached XP level 8. HP: 11/61 MP: 8/8
  3504 | D:5      | Reached skill level 4 in Long Blades
  3511 | D:5      | Lost mutation: Your system is resistant to poisons. (rPois)
                  | [potion of mutation]
  3511 | D:5      | Lost mutation: You have a pair of small antennae on your
                  | head. [potion of mutation]
  3511 | D:5      | Gained mutation: Your flesh is heat resistant. (rF+)
                  | [potion of mutation]
  3517 | D:5      | Found a staircase to the Ecumenical Temple.
  3718 | Temple   | Entered the Ecumenical Temple
  3792 | Temple   | Became a worshipper of Warmaster Okawaru
  4356 | D:6      | Lost mutation: Your flesh is heat resistant. (rF+) [potion
                  | of mutation]
  4356 | D:6      | Lost mutation: Armour fits poorly on your strangely shaped
                  | body. [potion of mutation]
  4356 | D:6      | Gained mutation: You are agile. (Dex +4, Str/Int -1)
                  | [potion of mutation]
  4356 | D:6      | Gained mutation: Potions are less effective at restoring
                  | your health. [potion of mutation]
  4524 | D:6      | Reached skill level 5 in Throwing
  4531 | D:6      | Identified the +5 whip of Youthful Indiscretion {venom,
                  | rF++ rN+ Str-3 Int+2}
  4701 | D:6      | Reached skill level 5 in Fighting
  4701 | D:6      | Reached skill level 5 in Long Blades
  5131 | D:6      | Reached * piety under Okawaru
  5132 | D:6      | Reached skill level 1 in Invocations
  5494 | D:7      | Reached skill level 6 in Long Blades
  5494 | D:7      | Reached XP level 9. HP: 59/68 MP: 10/10
  5669 | D:7      | Reached ** piety under Okawaru
  5691 | D:7      | Reached skill level 7 in Long Blades
  5849 | D:7      | Reached skill level 5 in Dodging
  5897 | D:7      | Found a glowing silver altar of Zin.
  5900 | D:7      | Noticed an angel
  6041 | D:7      | Identified a scroll of acquirement
  6041 | D:7      | Acquired the +1 pair of boots of the Maze {rElec}
  6265 | D:8      | Reached skill level 1 in Evocations
  6581 | D:8      | Reached skill level 8 in Long Blades
  6851 | D:8      | Reached XP level 10. HP: 68/74 MP: 13/13
  6859 | D:8      | Reached *** piety under Okawaru
  6892 | D:8      | Reached skill level 5 in Invocations
  7250 | D:9      | Reached skill level 9 in Long Blades
  7503 | D:9      | Noticed Pikel
  7508 | D:9      | Killed Pikel
  7521 | D:9      | Noticed a kobold demonologist
  7525 | D:9      | Noticed a sun demon
  7526 | D:9      | Noticed a kobold demonologist
  7527 | D:9      | Noticed an ice devil
  7542 | D:8      | Acquired a +5 heavy great sword
  7593 | D:9      | Noticed a sixfirhy
  7593 | D:9      | Killed a kobold demonologist
  7600 | D:8      | Noticed an orange demon
  7610 | D:8      | Noticed a soul eater
  7610 | D:8      | Killed a kobold demonologist
  7610 | D:8      | Reached **** piety under Okawaru
  7637 | D:9      | Reached skill level 10 in Long Blades
  7665 | D:9      | Found a staircase to the Lair.
  7704 | D:9      | Reached XP level 11. HP: 23/79 MP: 15/15
  8097 | D:9      | Reached skill level 5 in Evocations
  8189 | D:10     | Entered Level 10 of the Dungeon
  8189 | D:10     | Noticed Harold
  8198 | D:10     | Killed Harold
  8199 | D:10     | Reached skill level 11 in Long Blades
  8232 | D:10     | Found a portal to a secret trove of treasure.
  8288 | D:10     | Reached ***** piety under Okawaru
  8551 | D:10     | Noticed Joseph
  8568 | D:10     | Noticed Grum
  8780 | D:10     | Killed Grum
  8906 | D:10     | Killed Joseph
  9678 | D:11     | Noticed a green ugly thing
  9699 | D:11     | Killed a green ugly thing
  9700 | D:11     | Mangled by a komodo dragon

Illustrated notes

Levels and vault maps discovered:
D:1:      evilmike_arrival_hilbert_curve, layout_basic,
          dilly_ecumenical_altar_fadedgnrine
D:2:      layout_basic, serial_shops, nicolae_shop_behind_doors, uniq_terence,
          uniq_jessica
D:3:      layout_basic, lemuel_blue_sif_altar, serial_shops,
          nicolae_shop_drivethru
D:4:      layout_cave_pools, mainiacjoe_overflow_boulevard,
          nicolae_ru_great_annihilating_truth
D:5:      layout_basic, minmay_temple_entry_glassed_door, minmay_bent
D:6:      layout_gridville
D:7:      layout_basic, zin_angel, minmay_fractal_squares_5
D:8:      layout_basic, roderic_lattice_a, dk_vineyard_3, bh_walls_and_bars
D:9:      layout_cross, erik_lair_orcish_takeover, mrwooster_statue_mirror,
          evilmike_butchery, uniq_pikel
D:10:     layout_stronghold, enter_trove_1, uniq_grum, uniq_joseph, uniq_harold
D:11:     layout_loops_cross, uniq_nergalle
Temple:   hc_temple_tempest_star

Skill      XL: |  1  2  3  4  5  6  7  8  9 10 11 |
---------------+----------------------------------+-----
Armour         | 1 2 3 4 5 6 |  6.1
Fighting       | 3 4 5 |  5.0
Throwing       | 3 4 5 |  5.0
Long Blades    | 6 8 10 11 | 11.6
Invocations    | 2 4 6 8 |  8.0
Dodging        | 5 |  5.0
Evocations     | 2 4 5 |  5.0

Action                     |  1- 3 |  4- 6 |  7- 9 | 10-12 || total
---------------------------+-------+-------+-------+-------++-------
  Melee: Long sword        |    51 |   157 |   228 |   199 ||   635
         Punch             |       |     2 |     3 |     2 ||     7
         Scimitar          |       |       |       |    36 ||    36
  Throw: Javelin           |       |     8 |    33 |    43 ||    84
         Throwing net      |       |       |     3 |     2 ||     5
         Boomerang         |       |       |       |    29 ||    29
  Evoke: Wand              |       |       |       |    20 ||    20
    Use: Scroll            |     2 |     6 |    12 |    10 ||    30
         Potion            |       |       |    12 |     5 ||    17
   Stab: Held in net/web   |       |       |       |     1 ||     1
 Armour: Scale mail        |    14 |    91 |       |       ||   105
         Plate armour      |       |     6 |   113 |       ||   119
         Skin              |       |       |    33 |       ||    33
         Chain mail        |       |       |    19 |   156 ||   175
  Dodge: Dodged            |    32 |    91 |    84 |   136 ||   343
  Block: Other             |       |       |       |     2 ||     2
